 Dungeon Crawl Stone Soup version 0.17.2-1-ge4368a0 (webtiles) character file.

168 Goblin1989 the Insei (level 5, -1/37 HPs)
             Began as a Demonspawn Transmuter on Sept 28, 2016.
             Slain by an orc
             ... wielding a +0 mace
              (3 damage)
             ... on level 3 of the Dungeon.
             The game lasted 00:10:49 (3428 turns).

Goblin1989 the Insei (Demonspawn Transmuter)        Turns: 3428, Time: 00:10:49

Health: -1/37      AC:  7    Str: 11    XL:     5   Next: 23%
Magic:  8/8        EV: 18    Int: 15    God:
Gold:   78         SH:  0    Dex: 18    Spells: 2 memorised, 5 levels left

rFire  . . .     SeeInvis .       - Unarmed
rCold  . . .     Clarity  .     l - +0 ring mail
rNeg   . . .     SustAt   .     (no shield)
rPois  .         Gourm    .     e - +0 helmet
rElec  .         Spirit   .     (no cloak)
rCorr  .         Warding  .     m - +0 pair of gloves
rMut   .         Stasis   .     (no boots)
MR     .....                    (no amulet)
Stlth  ++........               (no ring)
                                (no ring)

@: agile, not resistant to hostile enchantments, unstealthy
A: repulsion field 1, powered by pain 1
a: no special abilities


You were on level 3 of the Dungeon.
You were not hungry.

You visited 1 branch of the dungeon, and saw 3 of its levels.

You collected 78 gold pieces.

Inventory:

Missiles
 a - 38 arrows
 j - 8 arrows of flame
Armour
 e - a +0 helmet (worn)
 l - a +0 ring mail (worn)
 m - a +0 pair of gloves (worn)
Scrolls
 g - a scroll of recharging {unknown}
 k - a scroll of teleportation {unknown}
Potions
 h - a potion of curing {unknown}
 n - a potion of lignification {unknown}
Books
 c - a book of Changes

   Spells                             Type                      Level
   a - Beastly Appendage              Transmutation                1
   b - Sticks to Snakes               Transmutation                2
   c - Spider Form                    Transmutation/Poison         3
   d - Ice Form                       Ice/Transmutation            4
   e - Blade Hands                    Transmutation                5
Comestibles
 b - 5 chunks of flesh
 d - 3 bread rations
 f - a beef jerky
 q - 5 fruits


   Skills:
 - Level 1.0 Fighting
 - Level 1.7 Dodging
 + Level 5.4 Unarmed Combat
 - Level 2.0 Spellcasting
 - Level 1.7 Transmutations


You had 5 spell levels left.
You knew the following spells:

 Your Spells              Type           Power        Failure   Level  Hunger
a - Beastly Appendage     Trmt           #.....       30%         1    #......
b - Sticks to Snakes      Trmt           #.........   43%         2    ###....


Dungeon Overview and Level Annotations

Branches:
Dungeon (3/15)

Altars:


Innate Abilities, Weirdness & Mutations

You are surrounded by a mild repulsion field (EV +2).
You sometimes gain a little power by taking damage.


Message History

The orc misses you. The orc closely misses you.
You hit the orc priest.
The orc priest is lightly wounded.
The orc priest miscasts a cantrip.
The orc closely misses you.
You hit the orc priest.
The orc priest is moderately wounded.
The orc drinks a potion.
The orc seems to speed up.
The orc priest hits you but does no damage.
You barely miss the orc priest.
The orc priest is moderately wounded.
The orc barely misses you. The orc closely misses you.
The orc priest calls down the wrath of Beogh upon you.
Something smites you!
* * * LOW HITPOINT WARNING * * *
You hear a shout!
You barely miss the orc priest.
The orc priest is moderately wounded.
The orc hits you with a mace.
You die...

ਜਜਜ ..ਜ ਜ.ਜਜਜ .
ਜ.).ਜਜ▲ਜਜਜਜਜਜਜ▲ਜਜਜਜਜਜਜ∆ਜ
ਜ.ਜ.....................
ਜ)ਜ.............o.).....
))ਜ.....[......o@ow.....
ਜਜਜਜਜਜ▲ਜਜਜਜਜਜਜ∆ਜਜਜਜਜਜਜ▲ਜ
ਜਜ...ਜਜ ਜ.....ਜ
ਜ...†...ਜ ਜ.[.....ਜ ਜਜਜ
ਜ...(...ਜ ).ਜ ਜਜ.....ਜਜ
ਜ.ਜ ਜਜ...ਜਜ


You could see a worm, an orc priest and 2 orcs.

Vanquished Creatures
  A centaur skeleton (D:3)
  A gnoll (D:1)
  Robin (D:3)
  3 adders (D:2)
  An ooze (D:1)
  2 worms
  An orc (D:2)
  9 bats
  4 giant cockroaches
  16 goblins
  11 hobgoblins
  7 jackals
  8 kobolds
  A giant gecko (D:1)
  2 giant newts
  3 rats
71 creatures vanquished.

Notes
Turn   | Place    | Note
--------------------------------------------------------------
     0 | D:1      | Goblin1989 the Demonspawn Transmuter began the quest for the Orb.
     0 | D:1      | Reached XP level 1. HP: 15/15 MP: 3/3
    92 | D:1      | Reached skill level 3 in Unarmed Combat
   588 | D:1      | Gained mutation: You sometimes gain a little power by taking damage. [demonic ancestry]
   588 | D:1      | Reached XP level 2. HP: 11/21 MP: 3/5
  1231 | D:1      | Reached XP level 3. HP: 13/26 MP: 4/6
  1564 | D:1      | Reached skill level 4 in Unarmed Combat
  1859 | D:2      | Learned a level 2 spell: Sticks to Snakes
  2255 | D:2      | Gained mutation: You are surrounded by a mild repulsion field (EV +2). [demonic ancestry]
  2255 | D:2      | Reached XP level 4. HP: 32/32 MP: 7/7
  3082 | D:3      | Reached skill level 5 in Unarmed Combat
  3082 | D:3      | Reached XP level 5. HP: 23/37 MP: 8/8
  3294 | D:3      | Noticed Robin
  3316 | D:3      | Killed Robin
  3428 | D:3      | Slain by an orc

Action                   |  1- 3 |  4- 6 || total
-------------------------+-------+-------++-------
Melee: Unarmed           |   172 |   144 ||   316
 Cast: Beastly Appendage |    12 |       ||    12
  Use: Scroll            |       |     6 ||     6
       Potion            |       |     1 ||     1
  Eat: Chunk             |     4 |     5 ||     9

Vault maps used:
D:1:      dpeg_arrival_solitude, serial_park_tiny_pond
D:2:      uniq_crazy_yiuf_cottage
D:3:      kennysheep_six_static_rooms, cheibriados_altar_1, fedhas_altar_3,
          uniq_robin
